 Dungeon Crawl Stone Soup version 0.15-a0-1689-gfa11693 (console) character file.

979 worldstar the Grappler (level 7, -2/66 HPs)
             Began as a Troll Monk on June 25, 2014.
             Slain by haldagan's ghost (15 damage)
             ... on Level 6 of the Dungeon.
             The game lasted 00:06:54 (1391 turns).

worldstar the Grappler (Troll Monk)                 Turns: 1391, Time: 00:06:54

HP  -2/66        AC  5     Str 22      XL: 7   Next: 96%
MP   3/3         EV 10     Int  6      God:
Gold 40          SH  0     Dex 12      Spells:  0 memorised,  6 levels left

rFire  . . .     SeeInvis .       - Unarmed
rCold  . . .     Clarity  .     a - +0 robe
rNeg   . . .     rCorr    .     (shield restricted)
rPois  .         rRot     .     (helmet restricted)
rElec  .         Spirit   .     (no cloak)
SustAb .         Warding  .     (gloves unavailable)
rMut   .         Stasis   .     (boots unavailable)
Gourm  +                        (no amulet)
MR     .....                    (no ring)
                                k - cursed ring of loudness

@: not resistant to hostile enchantments, extremely unstealthy
A: unfitting armour, claws 3, fast metabolism 3, gourmand, regeneration 2,
saprovore 2, shaggy fur 1, tough skin 2
a: no special abilities


You were on level 6 of the Dungeon.
You were very hungry.

You visited 2 branches of the dungeon, and saw 8 of its levels.
You also visited: Sewer.

You collected 40 gold pieces.

Inventory:

Armour
 a - a +0 robe (worn)
 o - a +0 robe
Magical devices
 h - a wand of fire (5)
Comestibles
 b - 2 meat rations
 g - a bread ration
 r - a royal jelly
Scrolls
 d - a scroll of identify {unknown}
 f - 5 scrolls of remove curse {unknown}
 j - a scroll of noise {unknown}
 p - a scroll of immolation {unknown}
Jewellery
 k - a cursed ring of loudness (left claw)
Potions
 c - 2 potions of heal wounds {unknown}
 e - a potion of curing {unknown}
 i - 3 potions of agility {unknown}
 l - a potion of haste {unknown}
 m - 2 potions of magic {unknown}
 n - a potion of brilliance {unknown}
 q - a potion of beneficial mutation {unknown}


   Skills:
 - Level 2.4 Fighting
 - Level 2.4 Dodging
 - Level 1.1 Stealth
 + Level 10.0 Unarmed Combat


You had 6 spell levels left.
You didn't know any spells.

Dungeon Overview and Level Annotations

Branches:
Dungeon (7/15)             Temple (1/1) D:6

Altars:
Ashenzari
Elyvilon
Fedhas
Gozag
Kikubaaqudgha
Makhleb
Nemelex Xobeh
Okawaru
Qazlal
Sif Muna
Trog
Xom
Yredelemnul
Zin
The Shining One

Annotations:
D:6 haldagan's ghost, experienced OpFi


Innate Abilities, Weirdness & Mutations

You are too large for most types of armour.
You have claws for hands.
Your metabolism is lightning-fast.
You like to eat raw meat.
You heal very quickly.
You can eat rotten meat.
You are covered in fur (AC +1).
You have very tough skin (AC +2).


Message History

Haldagan's ghost is severely damaged.
Haldagan's ghost misses you.
You closely miss haldagan's ghost.
Haldagan's ghost is severely damaged.
Haldagan's ghost hits you!
You barely miss haldagan's ghost.
Haldagan's ghost is severely damaged.
Haldagan's ghost hits you!!
* * * LOW HITPOINT WARNING * * *
The crimson imp blinks!
Haldagan's ghost says, "You can hit me, but you can't hurt me."
You see here a stone.
You see here a stone.
Things that are here:
2 stones; 19 arrows; an uncursed shortbow You are feeling very hungry.
You claw haldagan's ghost!
Haldagan's ghost is severely damaged.
Haldagan's ghost hits you!
You die...

#≈≈≈≈≈≈≈≈≈#.# #.(.....#
#≈#.....#≈#.# #)g#...##
.≈.......≈..# ##.#.###
.≈.......≈..#### #(..#
.≈...>...≈.....# ###(###
.≈.......≈..)..# ##%.<..#...
.≈.......≈.....# ##(..........
#≈#.....#≈#....###g........>..
#≈≈≈≈≈≈≈≈≈#.....@W............
###.....###....###...........
.............### #..........
..####.......# #......... ###
######### ##....... ##.....
#####


You could see haldagan's ghost and a hobgoblin.

Vanquished Creatures
  3 yaks (D:4)
  Edmund (D:4)
  An ogre (D:4)
  A centaur (D:6)
  A big fish (D:6)
  A hound (D:6)
  An orc wizard (D:4)
  2 worker ants
  A scorpion zombie (D:6)
  An adder (D:3)
  A gnoll (D:6)
  3 giant mites (D:4)
  A shadow imp (D:4)
  A worm (D:4)
  A gnoll skeleton (D:6)
  4 orcs
  7 giant cockroaches
  6 hobgoblins
  2 quokkas
  A bat (D:1)
  5 giant geckos
  33 giant newts
  2 goblins
  A hobgoblin skeleton (D:5)
  3 kobolds
  An orc skeleton (D:4)
  5 rats
  A rat skeleton (D:4)
  A ballistomycete (D:6)
92 creatures vanquished.

Vanquished Creatures (others)
  A bat (D:6)
  A giant spore (D:6)
2 creatures vanquished.

Grand Total: 94 creatures vanquished

Notes
Turn   | Place    | Note
--------------------------------------------------------------
     0 | D:1      | worldstar, the Troll Monk, began the quest for the Orb.
     0 | D:1      | Reached XP level 1. HP: 22/22 MP: 1/1
   196 | D:2      | Reached XP level 2. HP: 29/29 MP: 1/1
   304 | D:3      | Found an ancient bone altar of Kikubaaqudgha.
   363 | D:4      | Noticed an ogre
   386 | D:4      | Killed an ogre
   386 | D:4      | Reached skill level 6 in Unarmed Combat
   386 | D:4      | Reached XP level 3. HP: 16/36 MP: 2/2
   386 | D:4      | Reached XP level 4. HP: 19/44 MP: 2/2
   511 | D:4      | Noticed Edmund
   525 | D:4      | Killed Edmund
   525 | D:4      | Reached skill level 7 in Unarmed Combat
   525 | D:4      | Reached XP level 5. HP: 39/50 MP: 2/2
   660 | D:4      | Noticed a yak
   660 | D:4      | Noticed a yak
   660 | D:4      | Noticed a yak
   665 | D:4      | Killed a yak
   665 | D:4      | Reached XP level 6. HP: 59/59 MP: 3/3
   676 | D:4      | Killed a yak
   676 | D:4      | Reached skill level 8 in Unarmed Combat
   676 | D:4      | Reached XP level 7. HP: 49/66 MP: 3/3
   680 | D:4      | Killed a yak
   680 | D:4      | Reached skill level 9 in Unarmed Combat
   711 | D:4      | Found a glowing drain.
   734 | Sewer    | Entered a sewer
   942 | D:5      | Entered Level 5 of the Dungeon
   947 | D:5      | Found an opulent altar of Gozag.
  1155 | D:6      | Found a staircase to the Ecumenical Temple.
  1198 | Temple   | Entered the Ecumenical Temple
  1283 | D:6      | Found an iron altar of Okawaru.
  1307 | D:6      | Reached skill level 10 in Unarmed Combat
  1339 | D:6      | Noticed haldagan's ghost (experienced OpFi)
  1370 | D:6      | HP: 1/66 [haldagan's ghost (20)]
  1391 | D:6      | Slain by haldagan's ghost

Action                   |  1- 3 |  4- 6 |  7- 9 || total
-------------------------+-------+-------+-------++-------
Melee: Unarmed           |    50 |    50 |   150 ||   250
Evoke: Wand              |     1 |       |       ||     1
